[ AOE2 MATCH · #507999792 ]
UnrankedBurmese vs Georgians
Player's team · WIN
Rival team · LOSS
[ REPLAY ANALYSIS · EXTRACTED FROM THE RECORDED GAME ]
Feudal
11:40
Castle
20:02
Imperial
38:59
| APM avg | 56.8 |
| APM peak | 138 |
| eAPM avg | 20.5 |
| Villagers / military | 163 / 76 |
Focus
⚔️ 29.9% · 🌾 70.1%
Arambai ×40 · Battle Elephant ×11 · Knight ×8 · Archer ×6 · Trebuchet (Packed) ×4 · Militia ×3
Feudal
8:41
Castle
22:59
Imperial
40:15
| APM avg | 76.3 |
| APM peak | 121 |
| eAPM avg | 40.6 |
| Villagers / military | 145 / 77 |
Focus
⚔️ 25.4% · 🌾 74.6%
Scout Cavalry ×25 · Monk ×15 · Knight ×15 · Archer ×9 · Skirmisher ×7 · Trebuchet (Packed) ×5
Match map
Initial resources + every placement click. Lines = walls · curves = elevation contours. ◆ gold · ⬟ stone · ● berries · ✦ relic · ◌ wall gap
Your base· ✓ Closed at 20:02 · 25t walls · no gate
Guryamp's base· Open — opponent sealed themselves in
Smoothed initial terrain · ◌ = detected wall gap · hover for details
Inputs per minute
— OS | pilot - - Guryamp
Build order — OS | pilot
First 150 of 402 actions detected
| 0:00 | Queue | Villager (Male) |
| 0:01 | Queue | Villager (Male) |
| 0:02 | Build | House |
| 0:03 | Build | House |
| 0:04 | Queue | Villager (Male) |
| 0:04 | Queue | Villager (Male) |
| 1:29 | Queue | Villager (Male) |
| 1:47 | Build | Lumber Camp |
| 1:59 | Queue | Villager (Male) |
| 2:24 | Queue | Villager (Male) |
| 2:43 | Queue | Villager (Male) |
| 2:43 | Queue | Villager (Male) |
| 3:03 | Queue | Villager (Male) |
| 3:25 | Build | House |
| 3:26 | Build | House |
| 3:39 | Queue | Villager (Male) |
| 4:06 | Queue | Villager (Male) |
| 4:31 | Queue | Villager (Male) |
| 4:56 | Queue | Villager (Male) |
| 4:56 | Queue | Villager (Male) |
| 5:21 | Build | Barracks |
| 5:46 | Queue | Villager (Male) |
| 5:47 | Queue | Villager (Male) |
| 6:02 | Build | House |
| 6:40 | Research | Loom |
| 6:48 | Build | Mill |
| 7:08 | Queue | Villager (Male) |
| 7:31 | Queue | Villager (Male) |
| 7:42 | Queue | Militia |
| 7:42 | Queue | Militia |
| 7:42 | Queue | Militia |
| 7:53 | Build | Palisade Wall |
| 7:56 | Queue | Villager (Male) |
| 8:02 | Build | Farm |
| 8:14 | Build | Palisade Wall |
| 8:21 | Queue | Villager (Male) |
| 8:24 | Build | Farm |
| 8:50 | Queue | Villager (Male) |
| 8:54 | Build | Farm |
| 9:20 | Build | Farm |
| 9:30 | Research | Feudal Age |
| 9:45 | Build | Farm |
| 10:09 | Build | House |
| 10:23 | Build | House |
| 10:30 | Build | Mining Camp |
| 11:05 | Build | Farm |
| 11:05 | Queue | Villager (Male) |
| 11:08 | Build | House |
| 11:40 | Age | Feudal Age |
| 11:40 | Queue | Villager (Male) |
| 11:53 | Build | Archery Range |
| 11:55 | Queue | Spearman |
| 12:26 | Queue | Villager (Male) |
| 12:45 | Build | Blacksmith |
| 12:50 | Queue | Archer |
| 12:52 | Queue | Villager (Male) |
| 12:53 | Queue | Archer |
| 13:12 | Queue | Villager (Male) |
| 13:28 | Queue | Archer |
| 13:29 | Queue | Villager (Male) |
| 13:31 | Build | Blacksmith |
| 13:38 | Queue | Villager (Male) |
| 14:18 | Research | Fletching |
| 14:26 | Build | House |
| 14:30 | Queue | Archer |
| 14:30 | Queue | Villager (Male) |
| 14:41 | Queue | Archer |
| 14:55 | Queue | Villager (Male) |
| 14:59 | Build | House |
| 15:04 | Queue | Villager (Male) |
| 15:07 | Build | Farm |
| 15:08 | Build | Farm |
| 15:08 | Build | Farm |
| 15:08 | Build | Farm |
| 15:22 | Build | Farm |
| 15:26 | Build | Farm |
| 15:27 | Build | Farm |
| 15:29 | Build | House |
| 15:30 | Build | House |
| 15:36 | Queue | Villager (Male) |
| 15:37 | Queue | Archer |
| 16:07 | Build | Farm |
| 16:10 | Queue | Villager (Male) |
| 17:13 | Build | Farm |
| 17:22 | Research | Castle Age |
| 18:12 | Build | Archery Range |
| 18:15 | Build | Stable |
| 19:03 | Research | Scale Barding Armor |
| 19:33 | Research | Bloodlines |
| 19:55 | Build | Palisade Wall |
| 20:02 | Age | Castle Age |
| 20:06 | Queue | Battle Elephant |
| 20:09 | Research | Chain Barding Armor |
| 20:13 | Build | Stable |
| 20:17 | Research | Husbandry |
| 20:19 | Queue | Villager (Male) |
| 20:55 | Queue | Villager (Male) |
| 20:58 | Queue | Battle Elephant |
| 20:58 | Queue | Villager (Male) |
| 21:09 | Queue | Knight |
| 21:20 | Queue | Knight |
| 21:38 | Build | Town Center |
| 21:41 | Queue | Knight |
| 21:42 | Queue | Knight |
| 21:48 | Queue | Villager (Male) |
| 21:50 | Queue | Villager (Male) |
| 22:03 | Queue | Knight |
| 22:03 | Queue | Knight |
| 22:17 | Queue | Villager (Male) |
| 22:32 | Queue | Villager (Male) |
| 22:42 | Build | Town Center |
| 22:55 | Queue | Battle Elephant |
| 22:55 | Queue | Battle Elephant |
| 23:08 | Queue | Knight |
| 23:10 | Queue | Villager (Male) |
| 23:16 | Build | Farm |
| 23:17 | Build | Farm |
| 23:25 | Research | Horse Collar |
| 23:58 | Queue | Battle Elephant |
| 23:59 | Queue | Battle Elephant |
| 24:31 | Queue | Battle Elephant |
| 24:33 | Queue | Villager (Male) |
| 24:57 | Queue | Battle Elephant |
| 24:57 | Queue | Battle Elephant |
| 25:07 | Build | Farm |
| 25:14 | Queue | Villager (Male) |
| 25:17 | Build | Farm |
| 25:18 | Build | Farm |
| 25:19 | Build | Farm |
| 25:20 | Queue | Villager (Male) |
| 25:33 | Build | Monastery |
| 26:05 | Queue | Battle Elephant |
| 26:06 | Queue | Battle Elephant |
| 26:07 | Queue | Villager (Male) |
| 26:15 | Queue | Knight |
| 26:18 | Queue | Villager (Male) |
| 26:18 | Queue | Villager (Male) |
| 26:32 | Queue | Villager (Male) |
| 26:36 | Build | Market |
| 26:42 | Queue | Villager (Male) |
| 27:04 | Queue | Villager (Male) |
| 27:18 | Queue | Villager (Male) |
| 27:19 | Queue | Villager (Male) |
| 27:26 | Queue | Villager (Male) |
| 27:29 | Build | Farm |
| 27:30 | Build | Farm |
| 27:30 | Build | Farm |
| 27:32 | Research | Devotion |
| 27:34 | Queue | Villager (Male) |
| 27:35 | Queue | Villager (Male) |
Build order — Guryamp
First 150 of 428 actions detected
| 0:00 | Queue | Villager (Male) |
| 0:00 | Queue | Villager (Male) |
| 0:01 | Build | House |
| 0:02 | Build | House |
| 0:06 | Queue | Villager (Male) |
| 0:15 | Queue | Villager (Male) |
| 0:15 | Queue | Villager (Male) |
| 1:24 | Queue | Villager (Male) |
| 2:00 | Queue | Villager (Male) |
| 2:15 | Queue | Villager (Male) |
| 2:15 | Queue | Villager (Male) |
| 2:47 | Queue | Villager (Male) |
| 2:47 | Queue | Villager (Male) |
| 3:16 | Queue | Villager (Male) |
| 3:40 | Queue | Villager (Male) |
| 3:40 | Queue | Villager (Male) |
| 3:48 | Build | House |
| 4:01 | Queue | Villager (Male) |
| 4:34 | Queue | Villager (Male) |
| 4:34 | Queue | Villager (Male) |
| 4:54 | Queue | Villager (Male) |
| 5:01 | Build | Mill |
| 5:33 | Research | Loom |
| 6:31 | Research | Feudal Age |
| 6:31 | Research | Feudal Age |
| 7:14 | Build | Barracks |
| 7:17 | Build | House |
| 8:13 | Queue | Villager (Male) |
| 8:41 | Age | Feudal Age |
| 8:41 | Queue | Villager (Male) |
| 8:43 | Build | Stable |
| 8:45 | Research | Double-Bit Axe |
| 9:10 | Queue | Villager (Male) |
| 9:10 | Queue | Villager (Male) |
| 9:10 | Queue | Villager (Male) |
| 9:24 | Queue | Scout Cavalry |
| 9:28 | Queue | Villager (Male) |
| 9:39 | Research | Horse Collar |
| 9:47 | Queue | Villager (Male) |
| 9:52 | Queue | Scout Cavalry |
| 10:09 | Queue | Villager (Male) |
| 10:09 | Queue | Villager (Male) |
| 10:09 | Queue | Villager (Male) |
| 10:17 | Build | Farm |
| 10:17 | Build | Farm |
| 10:23 | Queue | Villager (Male) |
| 10:32 | Build | Farm |
| 10:36 | Build | Farm |
| 11:07 | Queue | Villager (Male) |
| 11:17 | Queue | Scout Cavalry |
| 11:21 | Build | House |
| 11:26 | Build | Farm |
| 11:31 | Build | Farm |
| 11:34 | Build | Farm |
| 11:41 | Build | Mill |
| 11:44 | Build | House |
| 11:50 | Queue | Villager (Male) |
| 11:50 | Queue | Villager (Male) |
| 11:50 | Queue | Villager (Male) |
| 11:56 | Build | Farm |
| 11:59 | Build | Farm |
| 12:25 | Build | Archery Range |
| 12:34 | Queue | Villager (Male) |
| 12:52 | Build | Mule Cart |
| 13:08 | Queue | Villager (Male) |
| 13:18 | Queue | Villager (Male) |
| 13:28 | Queue | Archer |
| 13:47 | Queue | Villager (Male) |
| 14:01 | Queue | Skirmisher |
| 14:06 | Queue | Villager (Male) |
| 14:24 | Build | Farm |
| 14:24 | Build | Farm |
| 14:25 | Build | Farm |
| 14:25 | Build | Farm |
| 14:25 | Build | Farm |
| 14:50 | Queue | Archer |
| 14:50 | Queue | Villager (Male) |
| 14:50 | Queue | Villager (Male) |
| 14:50 | Queue | Villager (Male) |
| 14:53 | Build | House |
| 14:54 | Build | House |
| 14:59 | Research | Town Watch |
| 15:11 | Queue | Villager (Male) |
| 15:13 | Build | Farm |
| 15:14 | Build | Farm |
| 15:14 | Build | Farm |
| 15:23 | Build | House |
| 15:33 | Queue | Villager (Male) |
| 15:35 | Queue | Archer |
| 15:35 | Queue | Archer |
| 15:44 | Build | Palisade Wall |
| 15:50 | Build | House |
| 16:03 | Queue | Villager (Male) |
| 16:07 | Queue | Archer |
| 16:19 | Build | Blacksmith |
| 16:37 | Queue | Skirmisher |
| 16:56 | Research | Fletching |
| 16:57 | Research | Fletching |
| 16:57 | Queue | Villager (Male) |
| 16:57 | Queue | Villager (Male) |
| 16:57 | Queue | Villager (Male) |
| 17:08 | Queue | Skirmisher |
| 17:11 | Queue | Villager (Male) |
| 17:30 | Queue | Villager (Male) |
| 17:41 | Queue | Villager (Male) |
| 17:49 | Queue | Skirmisher |
| 18:05 | Queue | Villager (Male) |
| 18:16 | Queue | Villager (Male) |
| 18:20 | Build | Palisade Wall |
| 18:34 | Queue | Archer |
| 18:49 | Queue | Villager (Male) |
| 19:00 | Build | Archery Range |
| 19:02 | Build | Stable |
| 19:08 | Build | Market |
| 19:09 | Queue | Villager (Male) |
| 19:22 | Queue | Archer |
| 19:54 | Queue | Villager (Male) |
| 19:58 | Queue | Archer |
| 20:12 | Research | Castle Age |
| 20:17 | Build | House |
| 20:19 | Build | Stable |
| 20:22 | Build | Palisade Wall |
| 20:26 | Build | House |
| 20:37 | Queue | Skirmisher |
| 20:40 | Research | Padded Archer Armor |
| 20:42 | Build | House |
| 20:44 | Build | House |
| 20:55 | Build | Mule Cart |
| 20:58 | Queue | Skirmisher |
| 21:12 | Research | Scale Barding Armor |
| 21:12 | Research | Scale Barding Armor |
| 21:14 | Research | Bloodlines |
| 21:14 | Research | Bloodlines |
| 21:38 | Queue | Skirmisher |
| 21:51 | Build | House |
| 21:52 | Build | House |
| 22:05 | Build | Palisade Wall |
| 22:20 | Queue | Villager (Male) |
| 22:26 | Build | Farm |
| 22:26 | Build | Farm |
| 22:27 | Build | Farm |
| 22:27 | Build | Farm |
| 22:27 | Build | Farm |
| 22:37 | Build | Palisade Wall |
| 22:46 | Queue | Archer |
| 22:59 | Build | House |
| 22:59 | Age | Castle Age |
| 23:03 | Build | House |
| 23:03 | Queue | Knight |
| 23:04 | Queue | Knight |
Match timeline
| 5:21 | OS | pilot · first_building Barracks |
| 7:14 | Guryamp · first_building Barracks |
| 7:53 | OS | pilot · wall_segment Palisade Wall x17 |
| 8:14 | OS | pilot · wall_segment Palisade Wall x8 |
| 8:41 | Guryamp · age_up feudal |
| 8:43 | Guryamp · first_building Stable |
| 11:40 | OS | pilot · age_up feudal |
| 11:53 | OS | pilot · first_building Archery Range |
| 12:25 | Guryamp · first_building Archery Range |
| 15:44 | Guryamp · wall_segment Palisade Wall x10 |
| 18:15 | OS | pilot · first_building Stable |
| 18:20 | Guryamp · wall_segment Palisade Wall x1 |
| 19:55 | OS | pilot · wall_segment Palisade Wall x1 |
| 20:02 | OS | pilot · age_up castle |
| 20:11 | Guryamp · first_market_sell 100 food |
| 20:22 | Guryamp · wall_segment Palisade Wall x1 |
| 22:05 | Guryamp · wall_segment Palisade Wall x1 |
| 22:37 | Guryamp · wall_segment Palisade Wall x1 |
| 22:59 | Guryamp · age_up castle |
| 23:09 | Guryamp · wall_segment Palisade Wall x1 |
| 23:15 | Guryamp · first_building Monastery |
| 25:33 | OS | pilot · first_building Monastery |
| 28:52 | Guryamp · first_market_buy 100 stone |
| 29:55 | OS | pilot · first_market_buy 100 stone |
| 33:51 | OS | pilot · first_building Castle |
| 35:43 | Guryamp · first_building Castle |
| 36:44 | Guryamp · wall_segment Stone Wall x15 |
| 37:39 | OS | pilot · first_market_sell 100 food |
| 38:59 | OS | pilot · age_up imperial |
| 40:15 | Guryamp · age_up imperial |
| 44:50 | Guryamp · resign |
[ AI ANALYSIS · 1 CREDIT ]
What really happened in this match?
Wolo.gg analyzes every decision: build order, eco, micro, common mistakes by bracket. Personalized analysis on WhatsApp or Discord in 30 seconds.
Civ guide
Burmese
Perfil
OS | pilot